 Dungeon Crawl Stone Soup version 0.31-a0-167-g1c394c0614 (webtiles) character file.

Game seed: 7925254501277377464

113 qw the Shooter (level 4, -13/42 HPs)
             Began as a Naga Hunter on June 14, 2023.
             Mangled by an ice beast (14 damage)
             ... on level 3 of the Dungeon.
             The game lasted 00:00:48 (2187 turns).

qw the Shooter (Naga Hunter)                        Turns: 2187, Time: 00:00:49

Health: -13/42     AC:  4    Str: 11 (13) XL:     4   Next: 96%
Magic:  4/4        EV:  9    Int:  6 (9)  God:
Gold:   150        SH:  0    Dex: 16 (17) Spells: 3/3 levels left

rFire   . . .        Y - +0 shortbow
rCold   . . .        (shield currently unavailable)
rNeg    . . .        c - +0 leather armour
rPois   +            (no helmet)
rElec   .            i - +0 cloak
rCorr   .            f - +0 pair of gloves
SInv    +            (no barding)
Will    .....        j - amulet of regeneration
Stlth   ++           (no ring)
HPRegen 1.07/turn    (no ring)
MPRegen 0.09/turn

%: no passive effects
@: very slow
A: AC +1, large, see invisible, deformed body, poison resistance, slowness 2,
spit poison 1, naga tail 1
a: Spit Poison


You were on level 3 of the Dungeon.
You visited 1 branch of the dungeon, and saw 3 of its levels.

You collected 150 gold pieces.


Innate Abilities, Weirdness & Mutations

Your serpentine skin is tough. (AC +1)
You have supernaturally acute eyesight. (SInv)
Armour fits poorly on your strangely shaped body.
Your system is resistant to poisons. (rPois)
You cover ground very slowly.
You can spit poison.
You have a snake-like lower body.


   Skills:
 - Level 3.0 Fighting
 + Level 5.1 Ranged Weapons
 - Level 1.5 Dodging
 - Level 1.5 Stealth


You had 3 spell levels left.
You didn't know any spells.
Your spell library was empty.

Inventory:

Hand Weapons
 Y - a +0 shortbow (weapon)
Armour
 c - a +0 leather armour (worn)
 f - a +0 pair of gloves (worn)
 h - a +1 ring mail of cold resistance
 i - a +0 cloak (worn)
Jewellery
 b - a ring of flight
 g - a ring of willpower
 j - an amulet of regeneration (around neck)
Scrolls
 k - a scroll of identify
Potions
 a - a potion of resistance {unknown}
 d - a potion of might {unknown}
 e - a potion of heal wounds {unknown}

Dungeon Overview and Level Annotations

Branches:
Dungeon (3/15)

Altars:

Shops:
D:3 [


Message History

Enter note:
Enter note:
Enter note:
Enter note:
Enter note:
Enter note:
Enter note: You shoot an arrow.
The arrow hits the ice beast.
The ice beast is lightly wounded.
The ice beast hits you but does no damage.
You shoot an arrow. The arrow hits the ice beast.
The ice beast is moderately wounded.
The ice beast hits you. The ice beast freezes you!
You shoot an arrow. The arrow hits the ice beast.
The ice beast is moderately wounded.
The ice beast hits you but does no damage.
You shoot an arrow. The arrow closely misses the ice beast.
The ice beast hits you but does no damage.
You shoot an arrow. The arrow closely misses the ice beast.
The ice beast closely misses you. The ice beast misses you.
You shoot an arrow.
The arrow hits the ice beast but does no damage.
The ice beast is moderately wounded.
The ice beast barely misses you.
You shoot an arrow.
The arrow completely misses the ice beast.
The ice beast hits you. The ice beast freezes you!
You shoot an arrow.
The arrow completely misses the ice beast.
The ice beast hits you. The ice beast freezes you!
You shoot an arrow. The arrow hits the ice beast!
The ice beast is heavily wounded.
The ice beast barely misses you.
The ice beast hits you but does no damage.
You shoot an arrow. The arrow hits the ice beast.
The ice beast is severely wounded.
The ice beast hits you. The ice beast freezes you!
You shoot an arrow. The arrow barely misses the ice beast.
The ice beast hits you. The ice beast freezes you!
You die...

## #. #. #. #.# #. #.#
#. #.# #####+#Y######
... .....>..@....# #.#
#............###
#.##+####..............#
#...........#....###.#.#
........)...#..[.# #.#.#
............#....###.#.#
............+....#...#.#
............#....#...#.#
............#....#...#.#


You could see an ice beast.

Vanquished Creatures
  5 adders
  A worm (D:2)
  2 dart slugs
  2 orcs (D:3)
  6 endoplasms
  2 giant cockroaches
  7 goblins
  4 hobgoblins
  A jackal (D:2)
  3 kobolds
  2 quokkas
  5 ball pythons (D:2)
  4 bats
  10 frilled lizards
  7 rats
61 creatures vanquished.

Notes
Turn   | Place    | Note
-------+----------+-------------------------------------------
     0 | D:1      | qw the Naga Hunter began the quest for the Orb.
     0 | D:1      | Reached XP level 1. HP: 19/19 MP: 1/1
     0 | D:1      | 0 ||| qw: Version: 0.2-a-29-g1fa15c8
     0 | D:1      | 0 ||| qw: Game counter: 5021
     0 | D:1      | 0 ||| qw: Always use a shield: true
     0 | D:1      | 0 ||| qw: God list: Okawaru
     0 | D:1      | 0 ||| qw: Allow faded altars: false
     0 | D:1      | 0 ||| qw: Do Orc after D:15 true
     0 | D:1      | 0 ||| qw: Do second Lair branch before Depths: true
     0 | D:1      | 0 ||| qw: Lair rune preference: random
     0 | D:1      | 0 ||| qw: Plans: Normal
     0 | D:1      | 0 ||| PLANNING D:1-11
    20 | D:1      | 20 ||| INVOKING Spit Poison.
    46 | D:1      | 46 ||| INVOKING Spit Poison.
    70 | D:1      | 70 ||| INVOKING Spit Poison.
    87 | D:1      | 87 ||| INVOKING Spit Poison.
    96 | D:1      | 96 ||| INVOKING Spit Poison.
   101 | D:1      | Reached skill level 4 in Ranged Weapons
   101 | D:1      | Reached XP level 2. HP: 26/26 MP: 2/2
   104 | D:1      | 104 ||| INVOKING Spit Poison.
   113 | D:1      | 113 ||| INVOKING Spit Poison.
   195 | D:1      | 195 ||| INVOKING Spit Poison.
   256 | D:1      | 256 ||| INVOKING Spit Poison.
   259 | D:1      | 259 ||| INVOKING Spit Poison.
   274 | D:1      | 274 ||| INVOKING Spit Poison.
   291 | D:1      | 291 ||| INVOKING Spit Poison.
   335 | D:1      | 335 ||| INVOKING Spit Poison.
   340 | D:1      | 340 ||| INVOKING Spit Poison.
   344 | D:1      | 344 ||| INVOKING Spit Poison.
   818 | D:1      | 818 ||| INVOKING Spit Poison.
   875 | D:1      | 875 ||| UPGRADING to +0 pair of gloves.
   880 | D:1      | 880 ||| UPGRADING to +0 cloak.
   885 | D:1      | 885 ||| READING scroll labelled DASIAF ROIPYHI.
   890 | D:1      | 890 ||| READING scroll labelled TOUTROS HUKHLYCSEE.
   891 | D:1      | 891 ||| DROPPING scroll of butterflies.
   962 | D:2      | 962 ||| INVOKING Spit Poison.
   965 | D:2      | 965 ||| INVOKING Spit Poison.
   970 | D:2      | 970 ||| INVOKING Spit Poison.
   971 | D:2      | 971 ||| INVOKING Spit Poison.
   977 | D:2      | 977 ||| INVOKING Spit Poison.
  1023 | D:2      | 1023 ||| INVOKING Spit Poison.
  1055 | D:2      | Reached XP level 3. HP: 32/32 MP: 3/3
  1073 | D:2      | 1073 ||| INVOKING Spit Poison.
  1078 | D:2      | 1078 ||| INVOKING Spit Poison.
  1140 | D:2      | 1140 ||| INVOKING Spit Poison.
  1146 | D:2      | 1146 ||| INVOKING Spit Poison.
  1174 | D:2      | 1174 ||| INVOKING Spit Poison.
  1287 | D:2      | 1287 ||| INVOKING Spit Poison.
  1303 | D:2      | 1303 ||| INVOKING Spit Poison.
  1325 | D:2      | 1325 ||| INVOKING Spit Poison.
  1366 | D:2      | 1366 ||| INVOKING Spit Poison.
  1371 | D:2      | 1371 ||| INVOKING Spit Poison.
  1372 | D:2      | Reached skill level 5 in Ranged Weapons
  1372 | D:2      | Reached XP level 4. HP: 39/39 MP: 4/4
  1477 | D:2      | 1477 ||| INVOKING Spit Poison.
  1558 | D:2      | 1558 ||| INVOKING Spit Poison.
  1564 | D:2      | 1564 ||| INVOKING Spit Poison.
  1578 | D:2      | 1578 ||| INVOKING Spit Poison.
  1581 | D:2      | 1581 ||| INVOKING Spit Poison.
  1582 | D:2      | 1582 ||| INVOKING Spit Poison.
  1615 | D:2      | 1615 ||| INVOKING Spit Poison.
  1621 | D:2      | 1621 ||| INVOKING Spit Poison.
  1625 | D:2      | 1625 ||| INVOKING Spit Poison.
  1663 | D:2      | 1663 ||| INVOKING Spit Poison.
  1670 | D:2      | 1670 ||| INVOKING Spit Poison.
  1765 | D:2      | 1765 ||| UPGRADING to amulet of regeneration.
  1770 | D:2      | 1770 ||| READING scroll labelled AJEIST WIDD.
  1771 | D:2      | 1771 ||| READING scroll labelled RORRUK HEOST.
  1772 | D:2      | 1772 ||| READING scroll labelled BEDEGR CIXUIQ.
  1773 | D:2      | 1773 ||| READING scroll labelled KEIRUI KOFUYR.
  1774 | D:2      | 1774 ||| READING scroll labelled NERU PETOBYEKK.
  1775 | D:2      | 1775 ||| DRINKING 2 puce potions.
  1776 | D:2      | 1776 ||| DROPPING potion of degeneration.
  1872 | D:3      | 1872 ||| INVOKING Spit Poison.
  1993 | D:3      | 1993 ||| INVOKING Spit Poison.
  1995 | D:3      | Reached skill level 3 in Fighting
  2008 | D:3      | Found Ropserol's Antique Armour Shop.
  2065 | D:3      | 2065 ||| INVOKING Spit Poison.
  2072 | D:3      | 2072 ||| INVOKING Spit Poison.
  2139 | D:3      | 2139 ||| INVOKING Spit Poison.
  2147 | D:3      | 2147 ||| INVOKING Spit Poison.
  2159 | D:3      | 2159 ||| INVOKING Spit Poison.
  2176 | D:3      | Noticed an ice beast
  2184 | D:3      | HP: 10/42 [ice beast (7)]
  2186 | D:3      | HP: 1/42 [ice beast (9)]
  2187 | D:3      | Mangled by an ice beast

Levels and vault maps discovered:
D:1:      eino_arrival_tree_alley, layout_basic
D:2:      minmay_chambers_of_twos, layout_basic
D:3:      layout_basic, general_overflow_altar, serial_shops, shop

Skill      XL: |  1  2  3  4 |
---------------+-------------+-----
Ranged Weapons | 4 5 |  5.1
Fighting       | 3 |  3.0
Dodging        | |  1.5
Stealth        | |  1.5

Action                     |  1- 3 |  4- 6 || total
---------------------------+-------+-------++-------
   Fire: Shortbow          |    63 |    52 ||   115
Ability: Spit Poison       |    31 |    17 ||    48
    Use: Scroll            |     2 |     5 ||     7
         Potion            |       |     1 ||     1
 Armour: Leather armour    |    11 |    11 ||    22
  Dodge: Dodged            |    16 |    11 ||    27

Table legend:
 A = Non-vault XP
 B = Vault XP
 C = Vault XP percentage of total XP
 D = Non-vault monster count
 E = Vault monster count
 F = Vault count percentage of total count
                 A         B        C        D         E       F
            +---------+---------+-------+---------+---------+-------
      Total |     137 |      25 |  15.4 |      53 |       8 |  13.1
            +---------+---------+-------+---------+---------+-------
        D:1 |      26 |       0 |   0.0 |      18 |       0 |   0.0
        D:2 |      72 |      25 |  25.8 |      28 |       8 |  22.2
        D:3 |      39 |       0 |   0.0 |       7 |       0 |   0.0
            +---------+---------+-------+---------+---------+-------
